 Dungeon Crawl Stone Soup version 0.30-a0-1066-g63dfefce0d (webtiles) character file.

Game seed: 17241140523857971597

44 LobsterGuardian the Grave Robber (level 3, 0/27 HPs)
             Began as a Ghoul Necromancer on Apr 13, 2023.
             Slain by an adder (3 damage)
             ... on level 2 of the Dungeon.
             The game lasted 00:02:48 (1346 turns).

LobsterGuardian the Grave Robber (GhNe)             Turns: 1346, Time: 00:02:49

Health: 0/27       AC:  2    Str: 11    XL:     3   Next: 60%
Magic:  0/5        EV: 12    Int: 10    God:
Gold:   51         SH:  0    Dex: 11    Spells: 2/6 levels left

rFire   . . .      SeeInvis .    d - +0 dagger
rCold   + . .      Faith    .    (no shield)
rNeg    + + +      Spirit   .    a - +0 robe
rPois   ∞          Reflect  .    (no helmet)
rElec   .          Rampage  .    (no cloak)
rCorr   .                        (no gloves)
Will    .....                    (no boots)
Stlth   ++                       (no amulet)
HPRegen 0.00/turn                (no ring)
MPRegen 0.09/turn                (no ring)

@: inhibited regen
A: claws 1, cold resistance 1, negative energy resistance 3, inhibited
regeneration, torment resistance 2, devour on kill
a: no special abilities


You were on level 2 of the Dungeon.
You visited 1 branch of the dungeon, and saw 2 of its levels.

You collected 51 gold pieces.

Inventory:

Hand Weapons
 d - a +0 dagger (weapon)
Armour
 a - a +0 robe (worn)
Scrolls
 b - a scroll of immolation
 c - a scroll of enchant weapon
 e - 2 scrolls of enchant armour {unknown}
Potions
 f - a potion of degeneration {unknown}
 g - a potion of ambrosia {unknown}
 h - a potion of berserk rage {unknown}


   Skills:
 + Level 0.3 Fighting
 + Level 2.2 Dodging
 + Level 2.3 Stealth
 * Level 2.4 Spellcasting
 + Level 4.4 Necromancy


You had 2 spell levels left.
You knew the following spells:

 Your Spells              Type           Power      Damage    Failure   Level
a - Necrotise             Necr           40%        1d6       4%          1
b - Vampiric Draining     Necr           10%        2d6       14%         3

Your spell library contained the following spells:

 Spells                   Type           Power      Damage    Failure   Level
 Freeze                   Ice            4%         1d3       30%         1
 Slow                     Hex            4%         N/A       30%         1
 Animate Dead             Necr           10%        N/A       43%         4
 Confusing Touch          Hex            1%         N/A       65%         3
 Frozen Ramparts          Ice            2%         1d1       65%         3
 Hailstorm                Conj/Ice       1%         3d3       65%         3
 Agony                    Necr           10%        N/A       80%         5
 Iskenderun's Battlesphe  Conj           1%         2d6       100%        5
 Iron Shot                Conj/Erth      0%         9d1       100%        6
 Spellforged Servitor     Conj/Summ      0%         N/A       100%        7


Dungeon Overview and Level Annotations

Branches:
Dungeon (2/15)

Altars:


Innate Abilities, Weirdness & Mutations

You are immune to poison.
You have sharp fingernails.
Your flesh is cold resistant. (rC+)
You are immune to negative energy. (rN+++)
You do not regenerate when monsters are visible.
You are immune to unholy pain and torment.
You thrive by killing the living.


Message History

You add the spells Iskenderun's Battlesphere, Iron Shot and Spellforged Servitor to your library.
Okay, then.
You now have 51 gold pieces (gained 9).
Your frilled lizard skeleton crumbles into dust!
A bat comes into view.
A bat is nearby!
You hit the bat.
The bat is moderately wounded.
The bat hits you.
The bat writhes in agony.
You kill the bat!
You feel better.
The dead are flying!
You swap places.
You swap places.
Your bat skeleton crumbles into dust!
An adder comes into view.
The adder hisses angrily.
The adder misses you.
The adder writhes in agony.
The adder bites you.
The adder writhes in agony.
The adder bites you.
You miss the adder.
The adder is moderately wounded.
The adder bites you. x2
The adder struggles to resist.
The adder bites you.
The adder struggles to resist.
The adder bites you.
The adder writhes in agony.
The adder bites you. x2
* * * LOW HITPOINT WARNING * * *
You are too injured to fight recklessly!
You hit the adder but do no damage.
The adder is almost dead.
The adder bites you.
* * * LOW HITPOINT WARNING * * *
You miss the adder.
The adder is almost dead.
The adder bites you.
* * * LOW HITPOINT WARNING * * *
You miss the adder.
The adder is almost dead.
The adder bites you.
You die...

## #.# ##.# ..# #### #.#
...# #.#######
##.######.####.......#
..........##....@S...#
#....................#
...#########............
#..#.........#.#####....
...#.######.##.# # ...
.#...##........#.. ..
.######.###.#..#.# .
............#..#.####
.....................


You could see an adder.

Vanquished Creatures
  2 adders (D:2)
  A worm (D:2)
  A ball python (D:2)
  A bat (D:2)
  An endoplasm (D:1)
  3 goblins (D:1)
  3 jackals (D:1)
  2 quokkas
  A frilled lizard (D:2)
  2 kobolds (D:1)
  3 rats
20 creatures vanquished.

Vanquished Creatures (collateral kills)
  A ball python (D:1)
1 creature vanquished.

Grand Total: 21 creatures vanquished

Notes
Turn   | Place    | Note
-------+----------+-------------------------------------------
     0 | D:1      | LobsterGuardian the Ghoul Necromancer began the quest for
                  | the Orb.
     0 | D:1      | Reached XP level 1. HP: 14/14 MP: 2/2
    90 | D:1      | Found a faded altar of an unknown god.
   157 | D:1      | Reached XP level 2. HP: 20/20 MP: 1/3
   663 | D:2      | Reached XP level 3. HP: 25/26 MP: 1/5
   667 | D:2      | Learned a level 3 spell: Vampiric Draining
  1346 | D:2      | Slain by an adder

Illustrated notes

Levels and vault maps discovered:
D:1:      saegor_arrival_miasma, layout_rooms,
          shapermc_ecumenical_altar_hornbeckon, amcnicky_mini_corridor_feature
D:2:      layout_basic

Skill      XL: |  1  2 |
---------------+-------+-----
Dodging        | 2 |  2.2
Spellcasting   | 2 |  2.4
Fighting       | |  0.3
Stealth        | |  2.3
Necromancy     | |  4.4

Action                     || total
---------------------------++-------
  Melee: Unarmed           ||     9
         Dagger            ||    38
   Cast: Necrotise         ||    40
    Use: Scroll            ||     2
         Potion            ||     1
   Stab: Sleeping          ||     2
 Armour: Robe              ||    12
  Dodge: Dodged            ||    30

Table legend: (Time is in decaauts)
 A = Elapsed time spent in this place.
 B = Non-inter-level travel time spent in this place.
 C = Inter-level travel time spent in this place.
 D = Time resting spent in this place.
 E = Time spent auto-exploring this place.
 F = Levels seen in this place.
 G = Mean time per level.
                   A        B        C        D        E       F      G
               +--------+--------+--------+--------+--------+-----+--------+
         Total |   1351 |   1301 |     50 |      0 |   1115 |   2 |  675.5 |
       Dungeon |   1351 |   1301 |     50 |      0 |   1115 |   2 |  675.5 |
               +--------+--------+--------+--------+--------+-----+--------+

Top non-repeatable levels by time:
     D:2: 731 daAuts
     D:1: 620 daAuts
